 Dungeon Crawl Stone Soup version 0.32-a0-292-g751ec8d2e7 (webtiles) character file.

Game seed: 10402352609269160244

156 MacCMillion the Shooter (level 5, -2/39 HPs)
             Began as a Barachi Hunter on Feb 14, 2024.
             Slain by an orc wizard
             ... wielding a +0 dagger
              (4 damage)
             ... on level 2 of the Dungeon.
             The game lasted 00:05:36 (1999 turns).

MacCMillion the Shooter (Barachi Hunter)            Turns: 1999, Time: 00:05:37

Health: -2/39      AC:  4    Str: 12    XL:     5   Next: 38%
Magic:  5/5        EV: 12    Int:  9    God:
Gold:   106        SH:  0    Dex: 18    Spells: 4/4 levels left

rFire   . . .        a - +0 shortbow
rCold   . . .        (shield currently unavailable)
rNeg    . . .        c - +0 leather armour
rPois   .            (no helmet)
rElec   .            (no cloak)
rCorr   .            (no gloves)
SInv    .            f - +0 pair of boots
Will    .....        (no amulet)
Stlth   ++           (no ring)
HPRegen 0.26/turn    (no ring)
MPRegen 0.09/turn

%: no passive effects
@: slow
A: amphibious, slowness 1, strong legs 1, +LOS
a: Hop


You were on level 2 of the Dungeon.
You visited 1 branch of the dungeon, and saw 3 of its levels.

You collected 106 gold pieces.

Inventory:

Hand Weapons
 a - a +0 shortbow (weapon)
Armour
 c - a +0 leather armour (worn)
 f - a +0 pair of boots (worn)
Jewellery
 m - a ring of magical power
Scrolls
 b - a scroll of butterflies
 d - a scroll of identify {unknown}
 e - a scroll of enchant armour {unknown}
 l - a scroll of fog {unknown}
Potions
 g - a potion of resistance {unknown}
 h - a potion of invisibility {unknown}
 i - a potion of haste {unknown}
 j - a potion of heal wounds {unknown}
 k - a potion of enlightenment {unknown}


   Skills:
 - Level 2.4 Fighting
 * Level 6.2 Ranged Weapons
 - Level 2.1 Dodging
 - Level 2.0 Stealth


You had 4 spell levels left.
You didn't know any spells.
Your spell library contained the following spells:

 Spells                   Type           Power      Damage    Failure   Level
 Ensorcelled Hibernation  Hex/Ice        0%         N/A       61%         2
 Mercury Vapours          Alch/Air       0%         N/A       61%         2
 Mephitic Cloud           Conj/Alch/Air  0%         N/A       83%         3
 Passwall                 Erth           0%         N/A       83%         3
 Swiftness                Air            0%         N/A       83%         3
 Manifold Assault         Tloc           0%         N/A       99%         4
 Freezing Cloud           Conj/Ice/Air   0%         6-21      100%        5
 Dispersal                Tloc           0%         N/A       100%        6
 Disjunction              Tloc           0%         N/A       100%        8


Dungeon Overview and Level Annotations

Branches:
Dungeon (3/15)

Altars:


Innate Abilities, Weirdness & Mutations

You are amphibious.
You cover ground slowly.
You can hop short distances.
You have an extended range of vision and can be seen from far away.


Message History

Aim: an orc wizard, wielding a +0 dagger and wearing a +0 robe (moderately wounded, 59% to hit)
You shoot an arrow.
The arrow completely misses the orc wizard.
The orc wizard barely misses you.
Fire: a) +0 shortbow
Press: ? - help, Q - select action, (/) - cycle Shift-Dir - straight line, f/p - orc wizard
Aim: an orc wizard, wielding a +0 dagger and wearing a +0 robe (moderately wounded, 59% to hit)
You shoot an arrow.
The arrow closely misses the orc wizard.
The orc wizard gestures at you while chanting.
You are confused.
You bump into the rock wall.
The orc wizard barely misses you.
Unknown command.
You're too confused to move!
The orc wizard hits you with a +0 dagger.
* * * LOW HITPOINT WARNING * * *
You bump into the rock wall.
The orc wizard hits you but does no damage.
You bump into the rock wall.
The orc wizard hits you but does no damage.
You feel less confused.
The orc wizard gestures wildly while chanting.
The orc wizard flickers and vanishes!
Deactivating autopickup; reactivate with Ctrl-A.
You shoot an arrow.
You hear some strange, mumbled words.
A puff of flame appears from out of thin air!
The puff of flame hits you.
* * * LOW HITPOINT WARNING * * *
You shoot an arrow. Something hits you.
* * * LOW HITPOINT WARNING * * *
You shoot an arrow. Something completely misses you.
You shoot an arrow. Something hits you but does no damage.
You shoot an arrow. Something hits you but does no damage.
You shoot an arrow. Something hits you but does no damage.
You shoot an arrow. Something hits you but does no damage.
You shoot an arrow. Something hits you.
* * * LOW HITPOINT WARNING * * *
You shoot an arrow. Something hits you.
You die...

###....###.# #≈≈~~
#...#....#.# ######..
#)#......#.###.......
#>###....#.##........
#)##........'........
#†##.......##........
#.##.>#.######.......
#..{..### ##.....#
####@## ##...## #.#
##'## #.# #.# #.# #.#
#.# ##.## #.#
####...## #.#
##.#.....# #.#
##.#.#...##
#.######.###......


There were no monsters in sight!

Vanquished Creatures
  6 adders (D:2)
  2 dart slugs (D:1)
  A ribbon worm (D:2)
  3 orcs
  3 endoplasms
  3 giant cockroaches
  4 hobgoblins (D:1)
  4 jackals (D:2)
  4 quokkas
  8 ball pythons
  6 bats
  2 frilled lizards
  3 goblins
  3 kobolds (D:1)
  5 rats
57 creatures vanquished.

Notes
Turn   | Place    | Note
-------+----------+-------------------------------------------
     0 | D:1      | MacCMillion the Barachi Hunter began the quest for the Orb.
     0 | D:1      | Reached XP level 1. HP: 17/17 MP: 1/1
    73 | D:1      | Reached XP level 2. HP: 21/23 MP: 2/2
   134 | D:1      | Found a faded altar of an unknown god.
   160 | D:1      | Reached XP level 3. HP: 28/28 MP: 3/3
   175 | D:1      | Reached skill level 1 in Stealth
   286 | D:1      | Reached skill level 5 in Ranged Weapons
   687 | D:2      | Reached XP level 4. HP: 30/34 MP: 4/4
  1418 | D:2      | Reached XP level 5. HP: 39/39 MP: 5/5
  1469 | D:2      | Reached skill level 6 in Ranged Weapons
  1992 | D:2      | HP: 1/39 [something (1)]
  1999 | D:2      | Slain by an orc wizard

Illustrated notes

Levels and vault maps discovered:
D:1:      lightli_arrival_noodles, layout_basic,
          hellmonk_ecumenical_altar_leap_of_faith
D:2:      layout_loops_corners, serial_rivers, chequers_serial_rivers_micro_b,
          chequers_serial_rivers_small_3, chequers_serial_rivers_small_3,
          chequers_serial_rivers_micro_a, chequers_serial_rivers_marsh
D:3:      layout_rooms, mainiacjoe_overflow_tiny_flanked, serial_park_tiny_1,
          dk_noncrumbling_4

Skill      XL: |  1  2  3  4  5 |
---------------+----------------+-----
Stealth        | 1 2 |  2.0
Ranged Weapons | 5 6 |  6.2
Fighting       | |  2.4
Dodging        | |  2.1

Action                     |  1- 3 |  4- 6 || total
---------------------------+-------+-------++-------
  Melee: Shortbow          |       |     2 ||     2
   Fire: Shortbow          |    74 |   126 ||   200
Ability: Hop               |       |     2 ||     2
 Armour: Leather armour    |    19 |    60 ||    79
  Dodge: Dodged            |    24 |    41 ||    65

Table legend: (Time is in decaauts)
 A = Elapsed time spent in this place.
 B = Non-inter-level travel time spent in this place.
 C = Inter-level travel time spent in this place.
 D = Time resting spent in this place.
 E = Time spent auto-exploring this place.
 F = Levels seen in this place.
 G = Mean time per level.
                   A        B        C        D        E       F      G
               +--------+--------+--------+--------+--------+-----+--------+
         Total |   2295 |   2159 |    136 |    296 |   1205 |   3 |  765.0 |
       Dungeon |   2295 |   2159 |    136 |    296 |   1205 |   3 |  765.0 |
               +--------+--------+--------+--------+--------+-----+--------+

Top non-repeatable levels by time:
     D:2: 1590 daAuts
     D:1: 691 daAuts
     D:3: 13 daAuts
